 Dungeon Crawl Stone Soup version 0.18-a0-1229-ge9a1a01 (webtiles) character file.

10425 Motq the Basher (level 11, -3/74 HPs)
             Began as a Gargoyle Fighter on Feb 4, 2016.
             Was a Priest of Pakellas.
             Killed by divine providence
             ... invoked by an orc priest
              (14 damage)
             ... on level 1 of the Orcish Mines.
             The game lasted 00:31:10 (8483 turns).

Motq the Basher (Gargoyle Fighter)                  Turns: 8483, Time: 00:31:10

Health: -3/74      AC: 22    Str: 25    XL:     11   Next: 61%
Magic:  16/16      EV:  3    Int:  9    God:    Pakellas [***...]
Gold:   694        SH: 17    Dex:  9    Spells: 0 memorised, 10 levels left

rFire  + . .     SeeInvis .     y - +2 morningstar (freeze)
rCold  . . .     Gourm    .     z - +2 chain mail {rN+}
rNeg   + + .     Faith    .     G - +3 large shield
rPois  ∞         Spirit   .     p - +0 helmet (curse)
rElec  +         Dismiss  .     (no cloak)
rCorr  .         Reflect  .     H - +0 pair of gloves
SustAt .         Harm     .     B - +0 pair of boots
MR     +....                    K - amulet of regeneration
Stlth  ..........               c - ring of protection from fire
                                E - ring of Ugharhok {rElec MR+ Str+2}

@: somewhat resistant to hostile enchantments, extremely unstealthy
A: negative energy resistance 1, electricity resistance, unbreathing,
petrification resistance, rot immunity, AC +7
a: Quick Charge, Device Surge, Renounce Religion


You were on level 1 of the Orcish Mines.
You worshipped Pakellas.
Pakellas was most pleased with you.
You were not hungry.

You visited 3 branches of the dungeon, and saw 11 of its levels.

You collected 784 gold pieces.
You spent 90 gold pieces at shops.

Inventory:

Hand Weapons
 a - a +0 flail
 g - a +0 whip
 y - a +2 morningstar of freezing (weapon)
 W - a +1 whip of flaming
Armour
 p - a cursed +0 helmet (worn)
 z - a +2 chain mail of positive energy (worn)
 B - a +0 pair of boots (worn)
 G - a +3 large shield (worn)
 H - a +0 pair of gloves (worn)
Magical Staves
 i - an uncursed staff of conjuration
Jewellery
 c - a ring of protection from fire (right hand)
 k - a cursed -3 ring of evasion {unknown}
 E - the ring of Ugharhok (left hand) {rElec MR+ Str+2}
   (You found it on level 4 of the Dungeon)

   [ring of protection from magic]

   It affects your strength (+2).
   It insulates you from electricity.
   It affects your resistance to hostile enchantments.
 K - an amulet of regeneration (around neck)
 P - a +3 amulet of reflection {unknown}
 R - an uncursed amulet of dismissal {unknown}
Wands
 D - a wand of lightning (0/15)
 N - a wand of digging (14/24)
 O - a wand of disintegration (14/24)
 X - a wand of acid (9/15)
Scrolls
 h - 2 scrolls of remove curse
 j - a scroll of noise {unknown}
 l - 6 scrolls of teleportation
 m - 2 scrolls of amnesia
 o - 2 scrolls of summoning
 r - 2 scrolls of magic mapping
 w - 2 scrolls of enchant weapon
 I - a scroll of immolation {unknown}
 U - a scroll of fog {unknown}
Potions
 b - 5 potions of curing
 d - a potion of might
 e - 3 potions of lignification
 n - a potion of agility {unknown}
 q - 2 potions of brilliance {unknown}
 s - 7 potions of flight {unknown}
 u - 2 potions of cure mutation {unknown}
 v - a potion of invisibility {unknown}
 x - 2 potions of resistance {unknown}
 C - a potion of magic {unknown}
 F - a potion of poison {unknown}
 J - 4 potions of heal wounds {unknown}
 L - a potion of berserk rage {unknown}
 M - a potion of mutation {unknown}
Books
 T - a book of Fire

   Spells                             Type                      Level
   a - Ignite Poison                  Fire/Transmutation/Poison    3
   b - Fireball                       Conjuration/Fire             5
   c - Bolt of Fire                   Conjuration/Fire             6
   d - Delayed Fireball               Conjuration/Fire             7
   e - Ring of Flames                 Charms/Fire                  7
Comestibles
 f - 6 bread rations
 t - 4 beef jerkies
 A - 3 meat rations
 Q - 8 slices of pizza
 S - 7 chunks of flesh


   Skills:
 + Level 11.4 Fighting
 - Level 12.2 Maces & Flails
 - Level 3.2 Armour
 - Level 3.2 Shields
 + Level 7.7 Evocations


You had 10 spell levels left.
You didn't know any spells.

Dungeon Overview and Level Annotations

Branches:
Dungeon (9/15)             Temple (1/1) D:4             Orc (1/2) D:9
   Lair: D:8-11

Altars:
Ashenzari
Cheibriados
Dithmenos
Elyvilon
Fedhas
Gozag
Kikubaaqudgha
Makhleb
Nemelex Xobeh
Okawaru
Pakellas
Qazlal
Ru
Sif Muna
Trog
Vehumet
Xom
Yredelemnul
Zin
The Shining One

Shops:
D:4 [   D:6 *


Innate Abilities, Weirdness & Mutations

You are resistant to torment.
Your stone body is resilient (AC +7).
You are immune to poison.
You resist negative energy.
You are resistant to electric shocks.
You can survive without breathing.
You are immune to petrification.
You are immune to rotting.


Message History

You closely miss the orc warrior. The orc warrior hits you with a mace.
The orc warrior hits you but does no damage.
The orc priest invokes the aid of Beogh against you.
Something smites you!
The orc wizard mumbles some strange words.
The orc wizard seems to speed up.
You block the orc wizard's attack. The orc wizard casts a spell at you.
The puff of frost hits you!
* * * LOW HITPOINT WARNING * * *
Some of the chunks of flesh in your inventory have rotted away.
Evoke which item? (* to show all) (? for menu, Esc to quit)
Okay, then.
You block the orc wizard's attack.
The orc wizard points at you and mumbles some strange words.
The magic dart hits you!
* * * LOW HITPOINT WARNING * * *
The orc priest mumbles some strange prayers to Beogh against you.
Something smites you!
You die...

#...>.)...####..........
##....))....#..........#
##..<).[)............#
#...)#..............#
##.###.............## ##
#.............##
##...........##
##.........##
#@..........#
#..........###
#####o..........#
#..#.o..........####
###.....o..........#.##
##......o...#..........#
#.......o.####.........#
###.........##........##
###
##....)...##.......##


You could see an orc warrior, an orc priest, an orc wizard and 2 orcs.

Vanquished Creatures
  A catoblepas (D:8)
  A centaur warrior (D:8)
  A fire crab (D:8)
  A hill giant (D:8)
  An unseen horror (D:8)
  Pikel (D:9)
  An orc sorcerer (Orc:1)
  An orc knight (Orc:1)
  The ghost of Azzok the Conjurer, a novice OpFE (D:6)
  Joseph (D:9)
  A two-headed ogre (D:9)
  Grinder (D:5)
  A wyvern (D:8)
  A human (D:7)
  2 hippogriffs
  Menkaure (D:5)
  2 wargs (D:9)
  An ice beast (D:6)
  2 sky beasts
  2 slaves (D:9)
  13 orc warriors
  A necrophage (D:9)
  A wasp (D:9)
  An eye of draining (D:9)
  6 ogres
  4 giant frogs
  A water moccasin zombie (D:6)
  3 scorpions
  5 crimson imps
  A giant frog zombie (D:5)
  A quasit (D:8)
  A jelly (D:5)
  10 orc wizards
  A centaur skeleton (D:8)
  A centaur zombie (D:8)
  2 giant frog skeletons
  7 orc priests
  4 hounds
  Ijyb (D:2)
  An iguana (D:8)
  7 worker ants
  4 sheep (D:7)
  2 hound zombies
  A worker ant zombie (D:7)
  13 adders
  8 gnolls
  2 shadow imps
  An ooze (D:6)
  An adder skeleton (D:6)
  7 worms
  6 giant geckos
  39 orcs
  A ball python (D:6)
  9 bats
  6 giant cockroaches
  12 goblins
  6 hobgoblins (D:2)
  14 jackals
  A quokka (D:2)
  4 giant newts
  11 kobolds
  5 rats
249 creatures vanquished.

Vanquished Creatures (others)
  An adder (D:9)
1 creature vanquished.

Grand Total: 250 creatures vanquished

Notes
Turn   | Place    | Note
--------------------------------------------------------------
     0 | D:1      | Motq the Gargoyle Fighter began the quest for the Orb.
     0 | D:1      | Reached XP level 1. HP: 14/14 MP: 1/1
   184 | D:1      | Reached XP level 2. HP: 18/20 MP: 2/2
   639 | D:2      | Reached skill level 4 in Fighting
   639 | D:2      | Reached XP level 3. HP: 21/24 MP: 3/3
   888 | D:2      | Reached XP level 4. HP: 21/30 MP: 4/4
   985 | D:2      | Noticed Ijyb
  1041 | D:2      | Killed Ijyb
  1213 | D:2      | Found a faded altar to an unknown god.
  1226 | D:2      | Reached skill level 5 in Fighting
  1517 | D:3      | Reached XP level 5. HP: 35/35 MP: 5/5
  1954 | D:3      | Found a snail-covered altar of Cheibriados.
  2311 | D:3      | Reached skill level 6 in Fighting
  2311 | D:3      | Reached XP level 6. HP: 29/41 MP: 6/6
  2646 | D:3      | Found a deep blue altar of Sif Muna.
  3053 | D:4      | Found a staircase to the Ecumenical Temple.
  3080 | D:4      | Reached skill level 5 in Maces & Flails
  3080 | D:4      | Reached XP level 7. HP: 42/47 MP: 7/7
  3087 | Temple   | Entered the Ecumenical Temple
  3293 | D:4      | Reached skill level 7 in Fighting
  3486 | D:4      | Noticed a water elemental
  3488 | D:4      | Found a stormy altar of Qazlal.
  3489 | D:4      | Noticed an air elemental
  3489 | D:4      | Noticed a fire elemental
  3526 | D:4      | Got a warped lapis lazuli ring
  3527 | D:4      | Identified the ring of Ugharhok {rElec MR+ Str+2} (You found it on level 4 of the Dungeon)
  3615 | D:4      | Found Wafuon's Armour Shop.
  3618 | D:4      | Bought a +0 large shield for 45 gold pieces
  3618 | D:4      | Bought a +0 pair of gloves for 45 gold pieces
  3757 | D:5      | Entered Level 5 of the Dungeon
  3864 | D:5      | Reached skill level 1 in Evocations
  3965 | D:5      | Noticed Menkaure
  3986 | D:5      | Killed Menkaure
  3986 | D:5      | Reached XP level 8. HP: 48/54 MP: 7/9
  4209 | D:6      | Noticed Grinder
  4244 | D:5      | Killed Grinder
  4244 | D:5      | Reached skill level 8 in Fighting
  4337 | D:6      | Noticed Azzok's ghost (novice OpFE)
  4348 | D:6      | Killed Azzok's ghost
  4348 | D:6      | Reached XP level 9. HP: 41/60 MP: 11/11
  4860 | D:6      | Found an opulent altar of Gozag.
  4931 | D:6      | Found Xeninig's Assorted Antiques.
  4960 | D:6      | Reached skill level 9 in Fighting
  5531 | D:7      | Found a shattered altar of Ashenzari.
  5533 | D:7      | Found a sacrificial altar of Ru.
  5534 | D:7      | Found an oddly glowing altar of Pakellas.
  5569 | D:7      | Became a worshipper of Pakellas the Inventive
  5685 | D:8      | Killed an unseen horror
  5685 | D:8      | Reached skill level 5 in Evocations
  5685 | D:8      | Reached XP level 10. HP: 43/66 MP: 13/13
  5702 | D:8      | Noticed a hill giant
  5731 | D:8      | Killed a hill giant
  5731 | D:8      | Reached skill level 10 in Maces & Flails
  5859 | D:8      | Noticed a catoblepas
  5942 | D:8      | Killed a catoblepas
  5942 | D:8      | Reached skill level 10 in Fighting
  6468 | D:8      | Reached * piety under Pakellas
  6761 | D:9      | Noticed Joseph
  6771 | D:9      | Killed Joseph
  6941 | D:9      | Found a burning altar of Makhleb.
  6966 | D:9      | Noticed Pikel
  7016 | D:9      | Killed Pikel
  7016 | D:9      | Reached skill level 11 in Maces & Flails
  7151 | D:8      | Noticed a fire crab
  7158 | D:8      | Killed a fire crab
  7158 | D:8      | Reached XP level 11. HP: 66/73 MP: 14/16
  7167 | D:8      | Noticed a centaur warrior
  7182 | D:8      | Killed a centaur warrior
  7339 | D:9      | Reached ** piety under Pakellas
  7339 | D:9      | Received a gift from Pakellas
  7476 | D:9      | Found a staircase to the Orcish Mines.
  7606 | D:9      | Found a sacrificial altar of Ru.
  8122 | Orc:1    | Entered Level 1 of the Orcish Mines
  8214 | D:9      | Reached skill level 12 in Maces & Flails
  8340 | Orc:1    | Reached *** piety under Pakellas
  8379 | Orc:1    | Noticed an orc sorcerer
  8381 | Orc:1    | Killed an orc sorcerer
  8417 | Orc:1    | Noticed an orc knight
  8456 | Orc:1    | Killed an orc knight
  8483 | Orc:1    | Killed from afar by an orc priest

Vault maps used:
D:1:      dpeg_arrival_pits
D:2:      ecumenical_altar_2, first_bread, minmay_goblin_kobold_house, uniq_iyjb
D:3:      lemuel_doored_altar, led_sif_pool
D:4:      minmay_temple_entry_large_hall, serial_shops, kennysheep_mini_moat,
          nicolae_qazlal_style_of_elements
D:5:      uniq_menkaure
D:6:      serial_shops, shop, minmay_tree_intersection, grunt_gozag_breadcrumbs,
          uniq_grinder
D:7:      nicolae_overflow_hidden_temple, grunt_livestock
D:8:      minmay_diamond_stairs
D:9:      david_orc_4, basic_altar, nicolae_ru_great_annihilating_truth,
          uniq_pikel, uniq_joseph
Temple:   nicolae_temple_elliptical

Action                   |  1- 3 |  4- 6 |  7- 9 | 10-12 || total
-------------------------+-------+-------+-------+-------++-------
Melee: Whip              |   168 |   170 |       |    47 ||   385
       Flail             |     2 |       |       |       ||     2
       Morningstar       |       |   126 |   287 |   325 ||   738
Evoke: Wand              |       |       |     2 |     5 ||     7
  Use: Scroll            |       |     3 |     5 |     4 ||    12
       Potion            |       |       |     2 |       ||     2
 Stab: Paralysed         |       |       |       |     1 ||     1
  Eat: Chunk             |       |     8 |     8 |    10 ||    26
